 Dungeon Crawl Stone Soup version 0.32-a0-931-g5a2cda0630 (webtiles) character file.

Game seed: 588608304759387690

37 croobank the Magician (level 3, 0/24 HPs)
             Began as a Demonspawn Hedge Wizard on Apr 13, 2024.
             Slain by a ribbon worm (1 damage)
             ... on level 2 of the Dungeon.
             The game lasted 00:14:01 (1769 turns).

croobank the Magician (Demonspawn Hedge Wizard)     Turns: 1769, Time: 00:14:01

Health: 0/24       AC:  3    Str: 10    XL:     3   Next: 23%
Magic:  6/7        EV: 11    Int: 16    God:
Gold:   39         SH:  0    Dex: 12    Spells: 2/8 levels left

rFire   . . .        e - +1 dagger (elec)
rCold   . . .        (no shield)
rNeg    . . .        b - +0 robe
rPois   +            c - +1 hat
rElec   .            (no cloak)
rCorr   .            (no gloves)
SInv    .            (no boots)
Will    .....        (no amulet)
Stlth   ++           a - ring of poison resistance
HPRegen 0.24/turn    (no ring)
MPRegen 0.10/turn

%: no passive effects
@: no status effects
A: horns 1, ignite blood 1
a: no special abilities


You were on level 2 of the Dungeon.
You visited 1 branch of the dungeon, and saw 2 of its levels.

You collected 39 gold pieces.

Inventory:

Hand Weapons
 e - a +1 dagger of electrocution (weapon)
Armour
 b - a +0 robe (worn)
 c - a +1 hat (worn)
 g - a +0 leather armour
Jewellery
 a - a ring of poison resistance (left hand)
 j - a ring of fire
Scrolls
 l - a scroll of poison {unknown}
Potions
 f - a potion of heal wounds {unknown}
 h - a potion of haste {unknown}
 i - a potion of brilliance {unknown}
 k - a potion of ambrosia {unknown}


   Skills:
 + Level 2.0 Dodging
 + Level 2.2 Stealth
 + Level 3.2 Spellcasting
 + Level 1.5 Conjurations
 + Level 1.5 Summonings
 + Level 1.3 Translocations


You had 2 spell levels left.
You knew the following spells:

 Your Spells              Type           Power      Damage    Failure   Level
a - Magic Dart            Conj           28%        1d4       10%         1
b - Call Imp              Summ           14%        N/A       16%         2
c - Dazzling Flash        Conj/Hex       10%        N/A       38%         3

Your spell library contained the following spells:

 Spells                   Type           Power      Damage    Failure   Level
 Blink                    Tloc           12%        N/A       16%         2
 Slow                     Hex            8%         N/A       19%         1
 Cigotuvi's Dreadful Rot  Necr/Alch/Air  4%         N/A       28%         2
 Mephitic Cloud           Conj/Alch/Air  4%         N/A       41%         3
 Starburst                Conj/Fire      2%         6d3       100%        6
 Maxwell's Capacitive Co  Air            1%         ∞         100%        8


Dungeon Overview and Level Annotations

Branches:
Dungeon (2/15)

Altars:

Shops:
D:2 :


Innate Abilities, Weirdness & Mutations

You have a pair of small horns on your head.
Your demonic aura sometimes causes spilled blood to erupt in flames.


Message History

You are caught in a web!
The web tears apart.
The ribbon worm attacks as it pursues you!
The ribbon worm closely misses you.
Casting: Magic Dart (safe; 10% risk of failure)
Confirm with . or Enter, or press ? or * to list all spells.
Aiming: Magic Dart (safe; 10% risk of failure)
Press: ? - help, Shift-Dir - straight line, f/p - ribbon worm
Aim: a ribbon worm (lightly wounded, catching its breath, 100% to hit)
The magic dart hits the ribbon worm.
The ribbon worm is moderately wounded.
You hit the ribbon worm.
The ribbon worm is heavily wounded.
The ribbon worm barely misses you.
You hit the ribbon worm but do no damage.
Lightning courses through the ribbon worm!
You kill the ribbon worm!
You hit the ribbon worm.
The ribbon worm is lightly wounded.
The ribbon worm barely misses you.
You barely miss the ribbon worm.
You headbutt the ribbon worm, but do no damage.
The ribbon worm is lightly wounded.
The ribbon worm expels a string of sticky webbing.
The stream of webbing hits you but does no damage.
You are caught in a web!
The web tears apart.
The ribbon worm bites you.
* * * LOW HITPOINT WARNING * * *
You hit the ribbon worm.
You headbutt the ribbon worm, but do no damage.
The ribbon worm is moderately wounded.
You hit the ribbon worm.
You headbutt the ribbon worm, but do no damage.
The ribbon worm is moderately wounded.
The ribbon worm bites you!
* * * LOW HITPOINT WARNING * * *
You barely miss the ribbon worm.
The ribbon worm is moderately wounded.
The ribbon worm bites you.
You die...

..~ ≈≈≈ ##.# ##
#####..# .. #
.......###.# .#
#####....#.# ..##
#.#.w#.#..... ###
#........# ###...o
#.....########.......
#..........w@.(#
#.....##########
#.....# ###.### #.#
####.# #....# #)####
#.# ##.# ..#


You could see a ribbon worm.

Vanquished Creatures
  A dart slug (D:1)
  A ribbon worm (D:2)
  4 ball pythons
  2 endoplasms
  A giant cockroach (D:1)
  2 goblins (D:1)
  3 hobgoblins
  2 jackals (D:2)
  2 quokkas (D:1)
  2 bats (D:1)
  A frilled lizard (D:1)
  7 kobolds
  2 rats (D:1)
30 creatures vanquished.

Vanquished Creatures (collateral kills)
  A hobgoblin (D:1)
  A ball python (D:1)
2 creatures vanquished.

Grand Total: 32 creatures vanquished

Notes
Turn   | Place    | Note
-------+----------+-------------------------------------------
     0 | D:1      | croobank the Demonspawn Hedge Wizard began the quest for
                  | the Orb.
     0 | D:1      | Reached XP level 1. HP: 13/13 MP: 4/4
   139 | D:1      | Reached skill level 1 in Translocations
   250 | D:1      | Gained mutation: You have a pair of small horns on your
                  | head. [demonic ancestry]
   250 | D:1      | Reached XP level 2. HP: 19/19 MP: 1/6
   253 | D:1      | Learned a level 2 spell: Call Imp
  1252 | D:2      | Gained mutation: Your demonic aura sometimes causes spilled
                  | blood to erupt in flames. [demonic ancestry]
  1252 | D:2      | Reached XP level 3. HP: 21/24 MP: 0/7
  1336 | D:2      | Found Meorubre's Book Boutique.
  1601 | D:2      | Learned a level 3 spell: Dazzling Flash
  1768 | D:2      | HP: 1/24 [ribbon worm (7)]
  1769 | D:2      | Slain by a ribbon worm

Illustrated notes

Levels and vault maps discovered:
D:1:      spicycebolla_arrival_risky_transporter, layout_basic,
          hangedman_decor_riveting, nicolae_figureground_sparkle
D:2:      layout_loops_ring, serial_shops, shop_statue, mrwooster_statue_mirror,
          grunt_decor_cap

Skill      XL: |  1  2 |
---------------+-------+-----
Translocations | 1 |  1.3
Stealth        | 2 |  2.2
Dodging        | 2 |  2.0
Spellcasting   | |  3.2
Conjurations   | |  1.5
Summonings     | |  1.5

Action                     || total
---------------------------++-------
  Melee: Dagger            ||    50
         Headbutt          ||     8
   Cast: Magic Dart        ||    75
         Call Imp          ||     6
         Dazzling Flash    ||     1
    Use: Scroll            ||     4
         Potion            ||     2
   Stab: Sleeping          ||     3
 Armour: Robe              ||    29
  Dodge: Dodged            ||    32

Table legend: (Time is in decaauts)
 A = Elapsed time spent in this place.
 B = Non-inter-level travel time spent in this place.
 C = Inter-level travel time spent in this place.
 D = Time resting spent in this place.
 E = Time spent auto-exploring this place.
 F = Levels seen in this place.
 G = Mean time per level.
                   A        B        C        D        E       F      G
               +--------+--------+--------+--------+--------+-----+--------+
         Total |   1767 |   1741 |     26 |    251 |   1169 |   2 |  883.5 |
       Dungeon |   1767 |   1741 |     26 |    251 |   1169 |   2 |  883.5 |
               +--------+--------+--------+--------+--------+-----+--------+

Top non-repeatable levels by time:
     D:1: 1231 daAuts
     D:2: 536 daAuts
